 Dungeon Crawl Stone Soup version 0.28.0-43-g3370ac3207 (webtiles) character file.

Game seed: 2320768272364824447

224 funkygono the Firebug (level 6, -2/32 HPs)
             Began as a Gargoyle Fire Elementalist on Mar 7, 2022.
             Slain by an orc warrior
             ... wielding a +0 war axe
              (5 damage)
             ... on level 4 of the Dungeon.
             The game lasted 00:04:38 (3575 turns).

funkygono the Firebug (Gargoyle Fire Elementalist)  Turns: 3575, Time: 00:04:38

Health: -2/32      AC:  6    Str: 11    XL:     6   Next: 0%
Magic:  0/11       EV: 12    Int: 18    God:
Gold:   162        SH:  0    Dex: 10    Spells: 2/12 levels left

rFire   . . .      SeeInvis .   g - +0 whip
rCold   . . .      Faith    .   (no shield)
rNeg    + . .      Spirit   .   a - +0 robe
rPois   ∞          Reflect  .   (no helmet)
rElec   +          Harm     .   (no cloak)
rCorr   .          Rampage  .   (no gloves)
Will    .....                   (no boots)
Stlth   ++........              (no amulet)
HPRegen 0.10/turn               (no ring)
MPRegen 0.12/turn               (no ring)

@: no status effects
A: sickness immunity, AC +4, negative energy resistance 1, electricity
resistance, torment resistance 1, petrification resistance
a: no special abilities


You were on level 4 of the Dungeon.
You visited 1 branch of the dungeon, and saw 4 of its levels.

You collected 162 gold pieces.

Inventory:

Hand Weapons
 g - a +0 whip (weapon)
Missiles
 b - 126 stones
Armour
 a - a +0 robe (worn)
Jewellery
 q - a ring of positive energy
Scrolls
 c - a scroll of fear {unknown}
 d - 4 scrolls of identify {unknown}
 i - a scroll of enchant weapon {unknown}
 l - a scroll of magic mapping {unknown}
 m - a scroll of holy word {unknown}
 n - a scroll of noise {unknown}
 o - a scroll of summoning {unknown}
 p - a scroll of teleportation {unknown}
Potions
 e - 2 potions of might {unknown}
 f - a potion of mutation {unknown}
 h - 4 potions of curing {unknown}
 j - a potion of resistance {unknown}
 k - a potion of flight {unknown}


   Skills:
 + Level 0.1 Maces & Flails
 + Level 1.6 Dodging
 - Level 2.1 Stealth
 * Level 3.6 Spellcasting
 * Level 3.2 Conjurations
 * Level 4.5 Fire Magic


You had 2 spell levels left.
You knew the following spells:

 Your Spells              Type           Power      Damage    Failure   Level
a - Foxfire               Conj/Fire      68%        2x1d7     3%          1
b - Scorch                Fire           38%        2d6       3%          2
c - Conjure Flame         Conj/Fire      17%        6-21      10%         3
d - Flame Wave            Conj/Fire      17%        2d6       30%         4

Your spell library contained the following spells:

 Spells                   Type           Power      Damage    Failure   Level
 Inner Flame              Hex/Fire       11%        N/A       19%         3
 Summon Cactus Giant      Summ           1%         N/A       100%        6
 Chain Lightning          Conj/Air       4%         3d6       100%        9
 Fire Storm               Conj/Fire      8%         8d2       100%        9
 Shatter                  Erth           1%         3d6*      100%        9


Dungeon Overview and Level Annotations

Branches:
Dungeon (4/15)
 Temple: D:4-7

Altars:
Cheibriados
Uskayaw
The Shining One


Innate Abilities, Weirdness & Mutations

You are immune to sickness and miasma.
Your stone body is resilient. (AC +4)
You are immune to poison.
You resist negative energy. (rN+)
You are resistant to electric shocks. (rElec)
You are resistant to unholy torment.
You are immune to petrification.


Message History

Confirm with . or Enter, or press ? or * to list all spells.
You conjure some foxfire!
The orc warrior hits you with a +0 war axe.
The orc warrior hits your foxfire with a +0 war axe! x2
Unknown command.
You closely miss the orc warrior.
The orc warrior is heavily wounded.
The foxfire hits the orc warrior but does no damage.
The orc warrior is heavily wounded.
The foxfire hits the orc warrior!
The orc warrior is severely wounded.
The orc warrior hits you but does no damage.
You hit the orc warrior.
The orc warrior is severely wounded.
The orc warrior barely misses you.
You hit the orc warrior but do no damage.
The orc warrior is severely wounded.
The orc warrior closely misses you.
You hit the orc warrior but do no damage.
The orc warrior is severely wounded.
The orc warrior closely misses you.
You barely miss the orc warrior.
The orc warrior is severely wounded.
The orc warrior hits you with a +0 war axe!
* * * LOW HITPOINT WARNING * * *
You hit the orc warrior but do no damage.
The orc warrior is severely wounded.
The orc warrior hits you with a +0 war axe.
* * * LOW HITPOINT WARNING * * *
Casting: Foxfire (safe; 3% risk of failure)
Confirm with . or Enter, or press ? or * to list all spells.
You conjure some foxfire!
The orc warrior barely misses you.
The orc warrior hits your foxfire with a +0 war axe!
Unknown command.
The foxfire hits the orc warrior but does no damage.
The orc warrior is severely wounded.
The foxfire hits the orc warrior but does no damage.
The orc warrior is severely wounded.
The orc warrior hits you with a +0 war axe.
You die...

#..# #.# ...
#.## #.##.#
#.# ##...#
##.# #.###
####..# #÷##
#....## #..#
...###.# ##)#
## #.#
##.##### #.#
#.§@...###.##
#.#
#...o.)...:..
#.#
#............
#.#
#######......
#.# ......
#<# ..... ###
#####


You could see an orc warrior.

Vanquished Creatures
  3 orc priests (D:4)
  4 adders
  A worm (D:2)
  2 dart slugs (D:3)
  2 orcs
  7 ball pythons
  2 bat skeletons (D:2)
  A bat zombie (D:2)
  10 endoplasms
  3 giant cockroaches
  3 goblins
  5 hobgoblins
  6 jackals
  4 quokkas
  11 bats
  8 frilled lizards
  4 kobolds
  10 rats
86 creatures vanquished.

Vanquished Creatures (collateral kills)
  3 foxfires (D:2)
3 creatures vanquished.

Vanquished Creatures (others)
  223 foxfires
  A withered plant (D:2)
224 creatures vanquished.

Grand Total: 313 creatures vanquished

Notes
Turn   | Place    | Note
-------+----------+-------------------------------------------
     0 | D:1      | funkygono the Gargoyle Fire Elementalist began the quest
                  | for the Orb.
     0 | D:1      | Reached XP level 1. HP: 10/10 MP: 3/3
   165 | D:1      | Reached XP level 2. HP: 13/15 MP: 0/5
   249 | D:1      | Learned a level 2 spell: Scorch
   746 | D:1      | Reached XP level 3. HP: 19/19 MP: 4/6
   750 | D:1      | Learned a level 3 spell: Conjure Flame
  1503 | D:2      | Reached XP level 4. HP: 21/24 MP: 6/8
  1860 | D:2      | Found a faded altar of an unknown god.
  2509 | D:3      | Noticed a +0 hand axe
  2509 | D:3      | Noticed a +0 dagger
  2509 | D:3      | Found a hide-covered altar of Uskayaw.
  2580 | D:3      | Found a snail-covered altar of Cheibriados.
  2695 | D:3      | Found a glowing golden altar of the Shining One.
  3151 | D:4      | Reached skill level 4 in Fire Magic
  3155 | D:4      | Reached XP level 5. HP: 26/28 MP: 5/9
  3160 | D:4      | Learned a level 4 spell: Flame Wave
  3315 | D:4      | Reached XP level 6. HP: 11/32 MP: 0/11
  3547 | D:4      | Noticed an orc warrior
  3575 | D:4      | Slain by an orc warrior

Illustrated notes

Levels and vault maps discovered:
D:1:      onia_arrival_handbag, layout_basic, minmay_indecisive_spiral
D:2:      layout_basic, serial_undead, serial_undead_b, serial_undead_b,
          serial_undead_b, serial_undead_e, shapermc_ecumenical_altar_acropolis
D:3:      layout_rooms, dancing_weapons_uskayaw, lemuel_crystal_altar,
          kennysheep_slug_shrine
D:4:      layout_rooms, lemuel_zombie_altar_yredelemnul,
          minmay_temple_entry_junction_2, uniq_crazy_yiuf_cottage

Skill      XL: |  1  2  3  4  5 |
---------------+----------------+-----
Conjurations   | 2 3 |  3.2
Spellcasting   | 3 |  3.6
Fire Magic     | 4 |  4.5
Maces & Flails | |  0.1
Dodging        | |  1.6
Stealth        | |  2.1

Action                   |  1- 3 |  4- 6 || total
-------------------------+-------+-------++-------
Melee: Unarmed           |     4 |       ||     4
       Whip              |     6 |    27 ||    33
 Cast: Foxfire           |    60 |    72 ||   132
       Scorch            |     8 |    11 ||    19
Armor: Robe              |    20 |    10 ||    30
Dodge: Dodged            |    27 |    33 ||    60
